General information
			
			
        
        - name: BNet
 
        - type: Ladder team game (AT/RT)
 
        - host: Battle.net
 
        - saver: YeahShesAssBATS
 
        
map: Mur'gulOasis 
        - players: 8
 
        - length: 08:03
 
        - speed: Fast
 - version: 1.22 W3XP
 - replay type:  Public
 
» download(57 KB)
Players
        team 1 (winner) 
              
              
» 
FML-KiLLiN (
teal | 114 APM | 920 actions | 08:03)
              
 3 Archmage 
 2 Summon Water Elemental
 1 Brilliance Aura
 
                » actions 
                
                | Assign group hotkey | 20 |  | 
| Basic commands | 26 |  | 
| Build / train | 26 |  | 
| Enter build submenu | 20 |  | 
| Enter hero's abilities submenu | 3 |  | 
| Right click | 450 |  | 
| Select / deselect | 78 |  | 
| Select group hotkey | 267 |  | 
| Use ability | 30 |  | 
                920 total
 » units 
                » upgrades
                » buildings
                
                | Altar of Kings | 2 |  | 
| Farm | 8 |  | 
| Blacksmith | 2 |  | 
| Barracks | 1 |  | 
| Scout Tower | 1 |  | 
| Arcane Tower | 1 |  | 
| Lumber Mill | 1 |  | 
| Keep | 2 |  | 
| Arcane Sanctum | 2 |  | 
| Workshop | 1 |  | 
| Castle | 1 |  | 
                22 total
 » build order
                00:07 Altar of Kings
00:10 Altar of Kings
00:36 Farm
01:06 Blacksmith
01:08 Barracks
01:12 Blacksmith
01:30 Farm
01:45 Scout Tower
02:12 Arcane Tower
02:26 Farm
03:17 Farm
04:00 Farm
04:14 Lumber Mill
05:13 Keep
05:14 Keep
07:03 Farm
07:05 Farm
07:08 Farm
07:56 Arcane Sanctum
07:58 Workshop
08:00 Arcane Sanctum
08:02 Castle
 
               
              
              
legend_bob (
blue | 75 APM | 601 actions | 08:03)
              
 2 Warden 
 1 Shadow Strike
 1 Blink
 1 Goblin Alchemist 
 1 Acid Bomb
 
                » actions 
                
                | Assign group hotkey | 18 |  | 
| Basic commands | 35 |  | 
| Build / train | 32 |  | 
| Enter build submenu | 12 |  | 
| Enter hero's abilities submenu | 3 |  | 
| Right click | 221 |  | 
| Select / deselect | 118 |  | 
| Select group hotkey | 132 |  | 
| Use ability | 30 |  | 
                601 total
 » units 
                » upgrades
                » buildings
                
                | Altar of Elders | 1 |  | 
| Moon Well | 3 |  | 
| Ancient of War | 1 |  | 
| Tree of Ages | 1 |  | 
| Hunter's Hall | 1 |  | 
| Ancient of Wonders | 1 |  | 
| Ancient of Lore | 2 |  | 
                10 total
 » build order
                00:13 Altar of Elders
00:19 Moon Well
01:10 Ancient of War
01:34 Moon Well
01:53 Moon Well
02:48 Tree of Ages
03:50 Hunter's Hall
04:44 Ancient of Wonders
06:22 Ancient of Lore
06:24 Ancient of Lore
 
               
              
              
BladeMyth (
purple | 31 APM | 250 actions | 08:03)
              
 2 Archmage 
 1 Summon Water Elemental
 1 Brilliance Aura
 
                » actions 
                
                | Basic commands | 1 |  | 
| Build / train | 32 |  | 
| Enter build submenu | 17 |  | 
| Enter hero's abilities submenu | 2 |  | 
| Right click | 90 |  | 
| Select / deselect | 90 |  | 
| Use ability | 18 |  | 
                250 total
 » units 
                » upgrades
                » buildings
                
                | Altar of Kings | 1 |  | 
| Farm | 7 |  | 
| Lumber Mill | 1 |  | 
| Barracks | 1 |  | 
| Blacksmith | 1 |  | 
| Arcane Vault | 1 |  | 
| Keep | 1 |  | 
| Scout Tower | 2 |  | 
                15 total
 » build order
                00:07 Altar of Kings
00:27 Farm
00:45 Lumber Mill
01:08 Barracks
01:24 Farm
02:06 Farm
02:49 Farm
03:52 Blacksmith
04:56 Farm
05:16 Arcane Vault
05:23 Keep
06:50 Farm
06:53 Farm
07:35 Scout Tower
07:39 Scout Tower
 
               
              
              
RickJamesLich (
yellow | 48 APM | 390 actions | 08:03)
              
 2 Priestess of the Moon 
 1 Searing Arrows
 1 Trueshot Aura
 
                » actions 
                
                | Assign group hotkey | 9 |  | 
| Basic commands | 21 |  | 
| Build / train | 26 |  | 
| Enter build submenu | 20 |  | 
| Enter hero's abilities submenu | 2 |  | 
| Right click | 108 |  | 
| Select / deselect | 108 |  | 
| Select group hotkey | 78 |  | 
| Use ability | 18 |  | 
                390 total
 » units 
                » upgrades
                
                | Strength of the Moon | 1 |  | 
| Moon Armor | 1 |  | 
                2 total
 » buildings
                
                | Altar of Elders | 1 |  | 
| Moon Well | 6 |  | 
| Ancient of War | 2 |  | 
| Hunter's Hall | 1 |  | 
| Ancient Protector | 2 |  | 
| Ancient of Wonders | 1 |  | 
                13 total
 » build order
                00:21 Altar of Elders
00:34 Moon Well
01:03 Ancient of War
01:50 Moon Well
02:10 Moon Well
02:27 Hunter's Hall
03:05 Moon Well
04:00 Ancient Protector
04:04 Ancient Protector
04:48 Moon Well
06:57 Moon Well
07:16 Ancient of War
07:27 Ancient of Wonders
 
               team 2 (loser) 
              
              
Mr.Toasty (
green | 37 APM | 299 actions | 08:03)
              
 2 Dreadlord 
 1 Sleep
 1 Vampiric Aura
 
                » actions 
                
                | Assign group hotkey | 14 |  | 
| Basic commands | 9 |  | 
| Build / train | 25 |  | 
| Enter build submenu | 10 |  | 
| Enter hero's abilities submenu | 2 |  | 
| Right click | 55 |  | 
| Select / deselect | 55 |  | 
| Select group hotkey | 109 |  | 
| Use ability | 20 |  | 
                299 total
 » units 
                » upgrades
                » buildings
                
                | Crypt | 2 |  | 
| Ziggurat | 4 |  | 
| Altar of Darkness | 1 |  | 
| Tomb of Relics | 2 |  | 
| Halls of the Dead | 1 |  | 
| Nerubian Tower | 1 |  | 
| Graveyard | 1 |  | 
| Spirit Tower | 2 |  | 
                14 total
 » build order
                00:12 Crypt
00:16 Ziggurat
00:38 Altar of Darkness
00:59 Ziggurat
01:44 Tomb of Relics
02:35 Halls of the Dead
02:45 Nerubian Tower
03:28 Graveyard
03:51 Ziggurat
04:19 Ziggurat
04:57 Spirit Tower
05:02 Crypt
05:21 Spirit Tower
05:51 Tomb of Relics
» items
                 
               
              
              
DONT_TRY_TO_ATK (
red | 47 APM | 382 actions | 08:03)
              
 2 Priestess of the Moon 
 1 Trueshot Aura
 1 Searing Arrows
 
                » actions 
                
                | Assign group hotkey | 3 |  | 
| Build / train | 22 |  | 
| Enter build submenu | 8 |  | 
| Enter hero's abilities submenu | 2 |  | 
| Right click | 224 |  | 
| Select / deselect | 91 |  | 
| Select group hotkey | 6 |  | 
| Use ability | 26 |  | 
                382 total
 » units 
                » buildings
                
                | Altar of Elders | 1 |  | 
| Moon Well | 3 |  | 
| Ancient of War | 2 |  | 
| Tree of Ages | 1 |  | 
| Hunter's Hall | 1 |  | 
| Tree of Eternity | 2 |  | 
| Ancient of Wind | 1 |  | 
                11 total
 » build order
                00:26 Altar of Elders
00:28 Moon Well
01:38 Moon Well
02:08 Ancient of War
02:10 Ancient of War
02:40 Moon Well
04:44 Tree of Ages
06:07 Hunter's Hall
07:39 Tree of Eternity
07:43 Ancient of Wind
 
               
              
              
YeahShesAssBATS (
orange | 69 APM | 555 actions | 08:03)
              
 3 Blood Mage 
 1 Banish
 2 Flame Strike
 
                » actions 
                
                | Assign group hotkey | 11 |  | 
| Basic commands | 19 |  | 
| Build / train | 26 |  | 
| Enter build submenu | 12 |  | 
| Enter hero's abilities submenu | 3 |  | 
| Right click | 294 |  | 
| Select / deselect | 118 |  | 
| Select group hotkey | 51 |  | 
| Use ability | 21 |  | 
                555 total
 » units 
                » upgrades
                » buildings
                
                | Altar of Kings | 1 |  | 
| Farm | 3 |  | 
| Barracks | 1 |  | 
| Lumber Mill | 1 |  | 
| Town Hall | 1 |  | 
| Scout Tower | 3 |  | 
| Guard Tower | 1 |  | 
| Keep | 1 |  | 
                12 total
 » build order
                00:04 Altar of Kings
00:06 Farm
00:23 Barracks
00:42 Farm
02:05 Farm
02:50 Lumber Mill
05:36 Town Hall
05:38 Scout Tower
05:39 Scout Tower
05:40 Scout Tower
06:10 Guard Tower
07:42 Keep
 
               
              
              
Sokiem (
pink | 29 APM | 234 actions | 08:03)
              
 3 Archmage 
 1 Summon Water Elemental
 2 Brilliance Aura
 
                » actions 
                
                | Assign group hotkey | 5 |  | 
| Basic commands | 2 |  | 
| Build / train | 38 |  | 
| Enter build submenu | 15 |  | 
| Enter hero's abilities submenu | 2 |  | 
| Right click | 75 |  | 
| Select / deselect | 74 |  | 
| Select group hotkey | 2 |  | 
| Use ability | 21 |  | 
                234 total
 » units 
                
                | Peasant | 9 |  | 
| Footman | 3 |  | 
| Rifleman | 8 |  | 
| Mortar Team | 1 |  | 
| Priest | 1 |  | 
| Sorceress | 1 |  | 
                23 total
 » upgrades
                
                | Gunpowder | 1 |  | 
| Armor | 1 |  | 
| Lumber Harvesting | 1 |  | 
| Long Rifles | 1 |  | 
| Flare | 1 |  | 
                5 total
 » buildings
                
                | Altar of Kings | 1 |  | 
| Barracks | 1 |  | 
| Farm | 6 |  | 
| Blacksmith | 1 |  | 
| Lumber Mill | 1 |  | 
| Keep | 3 |  | 
| Arcane Vault | 1 |  | 
| Arcane Sanctum | 3 |  | 
| Workshop | 1 |  | 
| Castle | 1 |  | 
                19 total
 » build order
                00:24 Altar of Kings
00:37 Barracks
00:57 Farm
01:07 Farm
01:52 Farm
02:09 Blacksmith
02:43 Lumber Mill
03:13 Keep
03:14 Keep
03:34 Farm
03:39 Farm
03:45 Arcane Vault
05:59 Arcane Sanctum
06:01 Workshop
06:05 Arcane Sanctum
06:08 Arcane Sanctum
06:15 Castle
07:44 Farm
 
                Chat log
          (00:19 / All) BladeMyth: not one of my favorties but oh well
(00:38 / Allies) YeahShesAssBATS: fast expoing
(00:44 / Allies) Mr.Toasty: gargs here
(00:45 / Allies) Sokiem: lol, no
(00:49 / Allies) YeahShesAssBATS: Trust me
(00:52 / Allies) Sokiem: red creeps bro
(00:55 / Allies) Mr.Toasty: good luck, those r some hard expos
(00:55 / Allies) YeahShesAssBATS: I can do it
(01:54 / Allies) DONT_TRY_TO_ATK: hi
(02:23 / Allies) DONT_TRY_TO_ATK: what we doing>
(03:27 / Allies) YeahShesAssBATS: k
(03:29 / Allies) YeahShesAssBATS: gettin rdy to do it
(03:31 / Allies) YeahShesAssBATS: u guys rdy
(03:45 / Allies) YeahShesAssBATS: u can help if u want
(04:38 / Allies) DONT_TRY_TO_ATK: wait
(05:03 / Allies) YeahShesAssBATS: rofl
(05:04 / Allies) YeahShesAssBATS: i told u
(06:35 / Allies) YeahShesAssBATS: who doubted me
(06:38 / Allies) YeahShesAssBATS: fucku all
(06:57 / Allies) Sokiem: you woulda been fucked if we hadn't helped stfu
(07:02 / Allies) YeahShesAssBATS: not reall
(07:04 / Allies) YeahShesAssBATS: i didnt need u